 Dungeon Crawl Stone Soup version 0.29.0-13-gc9e81de378 (webtiles) character file.

Game seed: 9350744988011286193

399 freelancePsychic the Chopper (level 7, -1/88 (91) HPs)
             Began as a Meteoran Fighter on Sept 11, 2022.
             Slain by Crazy Yiuf
             ... wielding a +3 quarterstaff of chaos
              (8 damage)
             ... while paralysed by Crazy Yiuf
             ... on level 5 of the Dungeon.
             The game lasted 00:05:48 (795 turns).

freelancePsychic the Chopper (Meteoran Fighter)      Turns: 795, Time: 00:05:49

HP:   -1/88 (91)    AC:  6    Str: 19    XL:     7   Next: 32%
MP:   6/8           EV:  2    Int: 11    God:
Gold: 49            SH:  0    Dex: 13    Spells: 6/6 levels left

rFire   . . .      SeeInvis .   a - +0 war axe
rCold   . . .      Faith    .   c - +0 buckler
rNeg    . . .      Spirit   .   b - +0 scale mail
rPois   +          Reflect  .   (no helmet)
rElec   .          Harm     .   (no cloak)
rCorr   .          Rampage  .   (no gloves)
Will    .....                   (no boots)
Stlth   ..........              (no amulet)
HPRegen 0.24/turn               j - ring of poison resistance
MPRegen 0.11/turn               (no ring)

@: paralysed, agile, berserking, glowing, lightly drained
A: sense surroundings 1, otherworldly, glowing, explore regen
a: no special abilities


You were on level 5 of the Dungeon.
You visited 1 branch of the dungeon, and saw 5 of its levels.

You collected 70 gold pieces.
You spent 21 gold pieces at shops.

Inventory:

Hand Weapons
 a - a +0 war axe (weapon)
Armour
 b - a +0 scale mail (worn)
 c - a +0 buckler (worn)
Jewellery
 j - a ring of poison resistance (left hand)
Wands
 d - a wand of digging (4)
Scrolls
 f - 2 scrolls of vulnerability
 h - a scroll of fear {unknown}
 k - a scroll of butterflies {unknown}
 p - a scroll of brand weapon {unknown}
Potions
 e - a potion of brilliance {unknown}
 g - a potion of haste {unknown}
 i - a potion of resistance {unknown}
 l - a potion of lignification {unknown}
 m - 2 potions of magic {unknown}
 n - a potion of flight {unknown}
 o - a potion of curing {unknown}


   Skills:
 + Level 5.4 Fighting
 * Level 7.1 Axes
 - Level 3.6 Armour
 - Level 3.6 Shields


You had 6 spell levels left.
You didn't know any spells.
Your spell library was empty.

Dungeon Overview and Level Annotations

Branches:
Dungeon (5/15) Zot: 2173
 Temple: D:4-7

Altars:
Makhleb

Shops:
D:3 *::!*

Annotations:
D:5 Crazy Yiuf


Innate Abilities, Weirdness & Mutations

You passively map a small area around you.
You are easily found by Zot.
You glow in the dark.
You regain HP and MP as you explore.


Message History

You now have 49 gold pieces (gained 17).
There is an escape hatch in the floor here.
You feel a little less mighty now.
There is an escape hatch in the floor here.
Found a hammer.
Found a runed translucent door.
Crazy Yiuf shouts!
You open the door. You barely miss Crazy Yiuf.
Crazy Yiuf hits you with a +3 quarterstaff of chaos.
You feel agile all of a sudden.
You barely miss Crazy Yiuf. Crazy Yiuf misses you.
You hit Crazy Yiuf.
Crazy Yiuf is lightly wounded.
Crazy Yiuf misses you.
You barely miss Crazy Yiuf.
Crazy Yiuf is lightly wounded.
Crazy Yiuf laughs, "Spliff!
Hack sow wrapper."
Crazy Yiuf hits you with a +3 quarterstaff of chaos!
Crazy Yiuf freezes you. Crazy Yiuf misses you.
You hit Crazy Yiuf.
Crazy Yiuf is moderately wounded.
Crazy Yiuf screams, "Dawk!
Buddy testudinal chair."
Crazy Yiuf hits you with a +3 quarterstaff of chaos!
You feel your power leaking away.
You closely miss Crazy Yiuf.
Crazy Yiuf is moderately wounded.
Crazy Yiuf hits you with a +3 quarterstaff of chaos.
You suddenly lose the ability to move!
Crazy Yiuf hits you with a +3 quarterstaff of chaos!
You feel drained.
Crazy Yiuf hits you with a +3 quarterstaff of chaos!
* * * LOW HITPOINT WARNING * * *
A red film seems to cover your vision as you go berserk!
You feel yourself moving faster!
You feel mighty!
Crazy Yiuf hits you with a +3 quarterstaff of chaos!
* * * LOW HITPOINT WARNING * * *
Crazy Yiuf burns you.
* * * LOW HITPOINT WARNING * * *
Crazy Yiuf hits you with a +3 quarterstaff of chaos!
You die...

* * * * ,
##### * < *
#)..# ,
#...# * ...
* #g# *
♣@♣♣ * ♣♣.♣
, , ♣.♣♣ *,
, ♣♣.♣ ,
♣♣.♣♣
♣♣P..♣ *
♣..P.♣ * *
# #....# *
*
#.#####..##
* ,,


You could see Crazy Yiuf.

Vanquished Creatures
  An acid dragon (D:5)
  An ice beast (D:5)
  A scorpion (D:5)
  2 hounds (D:5)
  An orc wizard (D:5)
  An adder (D:3)
  A white imp (D:5)
  3 orcs
  2 bats
  An endoplasm (D:1)
  2 giant cockroaches
  6 goblins
  A hobgoblin (D:1)
  4 jackals (D:4)
  3 kobolds (D:1)
  2 quokkas
  2 ball pythons
  2 frilled lizards (D:1)
  2 rats
38 creatures vanquished.

Notes
Turn   | Place    | Note
-------+----------+-------------------------------------------
     0 | D:1      | freelancePsychic the Meteoran Fighter began the quest for
                  | the Orb.
     0 | D:1      | Reached XP level 1. HP: 19/19 MP: 2/2
    40 | D:1      | Reached XP level 2. HP: 19/26 MP: 3/3
    43 | D:1      | Reached skill level 3 in Axes
   145 | D:1      | Reached XP level 3. HP: 31/31 MP: 4/4
   307 | D:3      | Found Fessofofyu's Assorted Antiques.
   319 | D:3      | Bought a scroll labelled LISHIP OBLUE for 21 gold pieces
   417 | D:3      | Found Tekaedubb's Book Shop.
   478 | D:3      | Found Fisowawn's General Store.
   513 | D:3      | Found Zucoucaz's Book Emporium.
   517 | D:3      | Found Yqiebat's Distillery.
   524 | D:3      | Reached skill level 4 in Axes
   605 | D:4      | Reached XP level 4. HP: 39/40 MP: 5/5
   619 | D:4      | You fall into a shaft and drop 1 floor!
   619 | D:5      | Entered Level 5 of the Dungeon
   625 | D:5      | Found a burning altar of Makhleb.
   635 | D:5      | Reached XP level 5. HP: 33/46 MP: 6/6
   653 | D:5      | Noticed an acid dragon
   660 | D:5      | Killed an acid dragon
   661 | D:5      | Reached skill level 5 in Axes
   661 | D:5      | Reached XP level 6. HP: 35/53 MP: 7/7
   680 | D:5      | Reached skill level 5 in Fighting
   680 | D:5      | Reached skill level 6 in Axes
   690 | D:5      | Noticed an ice beast
   696 | D:5      | Reached XP level 7. HP: 52/61 MP: 8/8
   705 | D:5      | Reached skill level 7 in Axes
   781 | D:5      | Found a runed translucent door.
   782 | D:5      | Noticed Crazy Yiuf
   791 | D:5      | Paralysed by Crazy Yiuf for 5 turns
   795 | D:5      | Slain by Crazy Yiuf

Illustrated notes

Levels and vault maps discovered:
D:1:      eino_arrival_druids_welcome, layout_loops_ring
D:2:      layout_loops_corners, basic_altar, nicolae_ecumenical_lake_church,
          minmay_snake_closets
D:3:      layout_loops_ring, serial_shops,
          nicolae_shop_competitors_out_of_business, nicolae_shop_trees,
          nicolae_shop_temple_entry_statues_fountains, shop, shop_statue,
          cheibrodos_sewer_entry_bend, chequers_serial_rivers_room_a,
          st_stairs_12, uniq_sigmund
D:4:      layout_gridville, nicolae_gozag_cash_rules_everything_around_me,
          nicolae_ashenzari_panopticon
D:5:      layout_basic, makhleb_heckhound_becter, uniq_crazy_yiuf_cottage

Skill      XL: |  1  2  3  4  5  6  7 |
---------------+----------------------+-----
Axes           | 3 4 5 6 7 |  7.1
Fighting       | 4 5 |  5.4
Armour         | |  3.6
Shields        | |  3.6

Action                   |  1- 3 |  4- 6 |  7- 9 || total
-------------------------+-------+-------+-------++-------
Melee: War axe           |    60 |    27 |    15 ||   102
  Use: Scroll            |     3 |       |       ||     3
       Potion            |       |     1 |       ||     1
Armor: Scale mail        |    40 |    18 |     4 ||    62
Dodge: Dodged            |    27 |    15 |     6 ||    48
Block: Buckler           |    26 |     9 |     2 ||    37
